Map: Dusk Towers

Players

lesha - Winner!

  • Race: Terran Terran
  • League: Silver

WOLF

  • Race: Protoss Protoss
  • League: Silver

VOD

Have the link to the VOD?

Description

Time

  • Played on: Dec. 26, 2015, 11 p.m.
  • Length: 11:19
Show
View Real Time Build Order
Export as new Build Order

lesha Terran - Winner!

Build Orders: Reaper Expand, MMM Bio 

Get SALT Encoding   

  12  0:02  SCV  
  13  0:14  SCV  
  13  0:18  Supply Depot  
  14  0:29  SCV  
  15  0:41  SCV, Barracks  
  16  0:50  Refinery  
  16  0:54  SCV  
  17  1:06  SCV  
  18  1:18  SCV  
  19  1:27  Command Center  
  19  1:36  Reaper  
  20  2:15  Orbital Command  
  20  2:27  Factory  
  20  2:32  Refinery  
  20  2:40  Supply Depot  
  20  2:47  SCV  
  20  2:49  Barracks Reactor, Orbital Command  
  21  2:59  SCV  
  22  3:11  SCV  
  23  3:18  Factory Tech Lab, Barracks  
  23  3:23  Starport  
  23  3:24  SCV x2  
  25  3:36  SCV  
  25  3:37  SCV  
  30  3:53  Cyclone  
  30  3:54  Marine x2  
  32  4:04  SCV x2  
  32  4:06  Barracks  
  34  4:12  Barracks  
  34  4:14  Marine  
  34  4:15  Refinery  
  34  4:16  SCV x2  
  37  4:20  Starport Reactor  
  37  4:26  Marine  
  37  4:27  Barracks Reactor  
  38  4:39  Marine  
  38  4:44  Marine  
  40  4:51  SCV x2  
  42  4:57  Marine  
  43  5:01  Marine  
  43  5:03  SCV x2  
  46  5:12  Medivac x2, Marine x2  
  53  5:15  Marine  
  53  5:16  Supply Depot  
  53  5:17  Supply Depot  
  53  5:18  Barracks Reactor  
  53  5:19  Supply Depot  
  53  5:20  Marauder  
  55  5:22  Stimpack  
  55  5:24  SCV x2  
  55  5:27  Marine  
  58  5:36  SCV  
  58  5:39  SCV  
  60  5:44  Engineering Bay  
  60  5:48  SCV, Marine x4  
  65  5:50  Medivac  
  65  5:51  SCV  
  68  5:59  Marine x2  
  68  6:00  Marauder  
  72  6:08  SCV x2  
  74  6:17  Missile Turret  
  74  6:20  SCV x2, Missile Turret  
  76  6:28  Marine  
  76  6:32  SCV x2  
  79  6:47  Missile Turret  
  79  6:50  Missile Turret, Marine x6  
  85  7:00  Supply Depot  
  85  7:02  Supply Depot  
  85  7:05  Supply Depot  
  85  7:07  Marine  
  86  7:09  Missile Turret  
  86  7:12  Barracks  
  86  7:14  Barracks  
  86  7:21  Marine  
  86  7:22  Marauder, Medivac x2  
  93  7:23  Combat Shields  
  91  7:51  Marine x3  
  91  7:52  Marine x4  
  91  7:54  Medivac x2  
  100  8:09  Marine x5  
  100  8:10  Marine x2  
  103  8:24  Medivac x2  
  103  8:27  Marine x6  
  103  8:28  Marine  
  103  8:33  Barracks Reactor x2  
  110  9:16  Terran Infantry Weapons Level 1, Supply Depot  
  110  9:17  Supply Depot  
  110  9:18  Supply Depot  
  110  9:19  Supply Depot  
  110  9:20  Supply Depot  
  110  9:30  Armory  
  110  9:31  Engineering Bay  
  110  9:37  Marine x2  
  110  9:38  Medivac x2, Marine x4  
  118  9:41  Command Center  
  118  9:44  Command Center  
  120  9:46  Marine  
  120  9:47  Marine x4  
  120  9:50  Concussive Shells  
  125  9:55  Marine x4  
  125  9:56  Marine x2  
  131  10:04  Marine x3  
  131  10:05  Marine x2  
  136  10:08  Medivac x2  
  136  10:11  Supply Depot  
  136  10:13  Supply Depot x3, Marine x2  
  142  10:14  Supply Depot  
Show
View Real Time Build Order
Export as new Build Order

WOLF Protoss 

Build Orders:  

Get SALT Encoding   

  12  0:08  Probe (Chrono Boost)  
  13  0:19  Probe (Chrono Boost)  
  14  0:34  Probe (Chrono Boost)  
  15  0:45  Pylon  
  15  1:03  Probe (Chrono Boost)  
  16  1:14  Probe (Chrono Boost)  
  16  1:15  Gateway  
  16  1:17  Gateway  
  17  1:20  Forge  
  17  1:24  Probe (Chrono Boost)  
  18  1:35  Probe (Chrono Boost)  
  18  1:36  Pylon  
  19  1:40  Pylon  
  19  1:45  Probe (Chrono Boost)  
  20  2:01  Photon Cannon  
  19  2:28  Photon Cannon  
  19  2:31  Photon Cannon  
  19  2:33  Zealot x2  
  23  2:38  Pylon  
  23  2:42  Pylon  
  23  2:46  Assimilator  
  23  2:51  Assimilator  
  23  3:17  Photon Cannon  
  23  3:22  Photon Cannon  
  23  3:24  Probe (Chrono Boost)  
  24  3:35  Probe (Chrono Boost)  
  24  3:37  Nexus  
  25  3:45  Probe (Chrono Boost)  
  26  3:53  Cybernetics Core  
  26  3:56  Probe (Chrono Boost)  
  26  3:57  Photon Cannon  
  27  4:03  Pylon  
  27  4:06  Probe (Chrono Boost)  
  28  4:13  Pylon  
  28  4:34  Photon Cannon  
  28  4:37  Photon Cannon  
  28  4:43  Photon Cannon  
  28  4:52  Photon Cannon  
  28  4:59  Probe (Chrono Boost)  
  29  5:03  Probe (Chrono Boost)  
  30  5:12  Mothership Core (Chrono Boost)  
  30  5:14  Probe (Chrono Boost)  
  33  5:28  Pylon  
  33  5:31  Pylon  
  33  5:33  Pylon  
  34  5:43  Probe (Chrono Boost)  
  34  5:49  Probe (Chrono Boost)  
  35  5:53  Probe (Chrono Boost)  
  36  5:59  Probe (Chrono Boost)  
  36  6:04  Probe (Chrono Boost)  
  38  6:08  Stargate  
  38  6:10  Probe (Chrono Boost)  
  39  6:11  Stargate  
  39  6:14  Probe (Chrono Boost)  
  40  6:20  Probe (Chrono Boost)  
  40  6:23  Protoss Air Weapons Level 1  
  40  6:25  Probe (Chrono Boost)  
  42  6:31  Probe (Chrono Boost)  
  43  6:34  Nexus  
  43  6:43  Assimilator  
  43  6:44  Probe (Chrono Boost)  
  44  6:47  Assimilator  
  44  6:54  Probe (Chrono Boost)  
  44  6:55  Oracle (Chrono Boost)  
  44  7:01  Oracle (Chrono Boost)  
  51  7:04  Probe  
  52  7:14  Probe  
  53  7:25  Probe  
  50  7:30  Stargate  
  50  7:34  Stargate  
  35  7:56  Pylon  
  24  7:58  Pylon  
  18  8:56  Probe  
  17  9:08  Probe  
  18  9:13  Phoenix (Chrono Boost)  
  18  9:17  Phoenix (Chrono Boost)  
  18  9:20  Probe  
  18  9:22  Phoenix (Chrono Boost)  
  18  9:23  Phoenix (Chrono Boost)  
  18  9:24  Probe  
  24  9:32  Probe  
  24  9:34  Probe  
  26  9:44  Probe  
  26  9:45  Probe  
  28  9:55  Probe  
  28  9:56  Probe  
  30  10:06  Probe x2  
  32  10:16  Probe  
  32  10:17  Probe  
  34  10:23  Probe  
  34  10:27  Probe x2  
  34  10:35  Probe  
  34  10:38  Probe  
  32  10:47  Probe  
  32  10:59  Probe  
Tags
 
Add a new tag
Caveats
  • Supply blocks, unpowered buildings, or Contaminate may cause inaccurate times.
  • Supply counts are checked every 10 seconds.